[Event "Late-Titled-Tuesday-Blitz-February-27-2024"]
[Site "Chess.com"]
[Date "2024.02.27"]
[Round "5"]
[White "GHANDEEVAM2003"]
[Black "Hikaru"]
[Result "0-1"]
[WhiteElo "3046"]
[BlackElo "3238"]
[TimeControl "180+1"]
[EndTime "14:57:26 PST"]
[Termination "Hikaru won by checkmate"]

1. c4 e5 2. d3 Nf6 3. Nf3 c6 4.
Nc3 Qc7 5. g3 Bc5 6. Bg5 d6 7.
Bxf6 gxf6 8. a3 Be6 9. Bg2 Nd7 10. O-O a6 11. Rc1 Ba7 12. b3 f5 13. d4 Nf6 14.
e3 O-O-O 15. Nh4 Kb8 16. Nd5 cxd5 17. cxd5 Qe7 18. dxe6 fxe6 19. d5 f4 20. exf4 e4 21.
dxe6 Qxe6 22. Qe2 d5 23. Nf3 h5 24. Ng5 Qe7 25. h4 Rhe8 26. Qb2 e3 27. Bf3 exf2+ 28. Kg2 Ng4 29. Bxg4 hxg4 30. Qe5+ Qxe5 31. fxe5 Be3 32. Rcd1 d4 33. e6 Rd5 34. Ne4 Rxe6 35.
Nxf2 Bxf2 36. Rxf2 Re3 37. Rfd2 d3 38. b4 Kc7 39. h5 Rxh5 40. Rxd3 Re2+ 41. Kf1 Rhh2 42. Rc3+ Kb6 43. Rd6+ Ka7 44. Rcd3 Ref2+ 45. Kg1 Rhg2+ 46. Kh1 Ra2 47. b5 Rgb2 48. b6+ Rxb6 49. Rxb6 Kxb6 50.
Rb3+ Kc6 51. Kg1 b5 52. Kf1 a5 53. Re3 Kc5 54. Ke1 b4 55. axb4+ axb4 56. Kd1 Rg2 57. Kc1 Kc4 58. Re4+ Kc3 59. Re3+ Kd4 60. Rb3 Kc4 61. Re3 b3 62. Re4+ Kd3 63. Rxg4 Kc3 64. Rg8 Rg1# 0-1

[Event "Late-Titled-Tuesday-Blitz-February-27-2024"]
[Site "Chess.com"]
[Date "2024.02.27"]
[Round "5"]
[White "GodzillaChessYoutube"]
[Black "Romadk"]
[Result "1-0"]
[WhiteElo "2649"]
[BlackElo "2486"]
[TimeControl "180+1"]
[EndTime "14:57:26 PST"]
[Termination "GodzillaChessYoutube won by resignation"]

1. d4 Nf6 2. Bf4 d5 3. e3 c5 4. Nf3 Nc6 5. Bb5 Qb6 6. Nc3 Bg4 7. dxc5 Qxc5 8. Qd4 Qxd4 9. Nxd4 Bd7 10. Nxc6 bxc6 11. Ba6 Bc8 12. Be2 e6 13. a3 Nd7 14. Bg3 a5 15. O-O-O Ba6 16. Bxa6 Rxa6 17. e4 g6 18. exd5 cxd5 19. Nb5 Bh6+ 20. Kb1 O-O 21. a4 Rc8 22. b3 Nc5 23. f3 Bg7 24. Bd6 Nb7 25. Ba3 Nd8 26. f4 Nc6 27. Rhe1 Na7 28. Nd4 Nc6 29. Nf3 Bc3 30. Re2 Nb4 31. Ne5 f6 32. Nd3 Nxd3 33.
Rxd3 Rac6 34. Rde3 Kf7 35. Rh3 h5 36. Rd3 R8c7 37.
h3 Rc8 38. Bc1 Bb4 39. Bb2 Bc3 40. Bc1 Bb4 41. Rde3 Bc3 42. Ba3 Bb4 43. Bb2 Bc3 44.
Bxc3 Rxc3 45. Rxe6 R8c7 46. Rd6 R3c5 47. Rd2 g5 48. fxg5 fxg5 49. R6xd5 Rxd5 50. Rxd5 Kg6 51. Rxa5 Re7 52. b4 Re1+ 53. Kb2 Re2 54. g4 Rg2 55. gxh5+ Kxh5 56. Rc5 Rg3 57. a5 Rxh3 58. a6 Re3 59.
a7 Re8 60. b5 Kh4 61. b6 g4 62.
b7 g3 63. b8=Q g2 64. Rc4+ Kh3 65. Rc3+ Re3 66. Rxe3+ Kg4 67. Qg3+ Kf5 68. Re5+ 1-0

[Event "Late-Titled-Tuesday-Blitz-February-27-2024"]
[Site "Chess.com"]
[Date "2024.02.27"]
[Round "5"]
[White "xakevicius91"]
[Black "ChadBiryani"]
[Result "1-0"]
[WhiteElo "2562"]
[BlackElo "2413"]
[TimeControl "180+1"]
[EndTime "14:57:27 PST"]
[Termination "xakevicius91 won by checkmate"]

1. e4 d6 2. d4 Nf6 3. Nc3 e5 4. Nge2 Nbd7 5. h3 g6 6. g4 Bg7 7.
Bg2 O-O 8. Be3 a5 9. Qd2 exd4 10. Nxd4 Ne5 11. Qe2 b6 12. f4 Ba6 13. Ndb5 Ned7 14. Qf2 Re8 15. a4 Bb7 16. e5 Bxg2 17. Qxg2 dxe5 18.
O-O-O Qc8 19. f5 Nc5 20. g5 Nh5 21. f6 Bf8 22. Rhe1 c6 23. Nd6 Bxd6 24. Rxd6 Nf4 25.
Qxc6 Qxc6 26. Rxc6 Nxh3 27. Rxb6 Ne6 28. Ne4 h6 29. gxh6 Red8 30. Rd1 Kh7 31. Rdd6 Rxd6 32.
Rxd6 Nhf4 33. Rd7 Rf8 34. Ra7 Kxh6 35. Rxa5 g5 36. Rxe5 Kg6 37. Nxg5 Nxg5 38. Bxf4 Ne6 39. Bd2 Kxf6 40. Bc3 Ke7 41. a5 f5 42. a6 f4 43.
Bb4+ Kf6 44. Bxf8 Kxe5 45. a7 Nc7 46. Bc5 Kd5 47. b4 f3 48. Kd2 Kc4 49. Ke3 Kd5 50. Kxf3 Kc6 51. Ke3 Kb7 52. c4 Ka8 53. Kd4 Na6 54.
Bb6 Nxb4 55. Kc5 Na6+ 56. Kb5 Nc5 57. Kxc5 Kb7 58. Kb5 Ka8 59. c5 Kb7 60. Ba5 Kxa7 61. Kc6 Kb8 62. Bc3 Kc8 63. Bb2 Kb8 64. Kd7 Kb7 65. c6+ Kb6 66. Bc1 Ka7 67. c7 Kb6 68. Be3+ Ka6 69. c8=Q+ Kb5 70. Bh6 Kb6 71. Qc6+ Ka7 72.
Be3+ Kb8 73. Qc8# 1-0

[Event "Late-Titled-Tuesday-Blitz-February-27-2024"]
[Site "Chess.com"]
[Date "2024.02.27"]
[Round "5"]
[White "masterofpuppets2"]
[Black "Zampronha1971"]
[Result "0-1"]
[WhiteElo "2495"]
[BlackElo "2347"]
[TimeControl "180+1"]
[EndTime "14:57:29 PST"]
[Termination "Zampronha1971 won by resignation"]

1. d4 Nf6 2. c4 c5 3. d5 e6 4. Nc3 exd5 5. cxd5 d6 6. e4 g6 7. h3 Bg7 8. Nf3 O-O 9. Bd3 Re8 10. O-O c4 11. Bxc4 Nxe4 12. Nxe4 Rxe4 13. Bg5 f6 14. Bd3 Rb4 15. Qd2 Rxb2 16. Qxb2 fxg5 17. Qb4 Bxa1 18. Rxa1 a5 19. Qd4 Nd7 20. Re1 Qf6 21.
Re8+ Kf7 22. Qe3 Ne5 23. Rxe5 dxe5 24. Nxe5+ Kg7 25. Qd4 Bf5 26. Bxf5 gxf5 27. f4 g4 28. d6 gxh3 29. gxh3 Rd8 30. d7 b5 31. Qd5 Kf8 32.
Qxb5 Qd6 33. Qc4 Qd1+ 34. Kg2 Ke7 35. Nc6+ Kxd7 36. Nxd8 Kxd8 37. Qg8+ Kc7 38. Qxh7+ Kb6 39. Qxf5 Qe2+ 40. Kg3 Qxa2 41. Qg6+ Kb5 42. f5 Qb3+ 43. Kg4 a4 44. Qe8+ Kb4 45. Qb8+ Kc3 46. Qc7+ Kb2 47. f6 a3 48. f7 Qb4+ 49. Kg5 a2 50.
f8=Q Qxf8 51. Qe5+ Kb1 52. Qe4+ Kb2 53. Qd4+ Kb3 54.
Qd3+ Kb2 55. Qd2+ Kb3 56. Qd1+ Kb4 57. Qd4+ Ka3 58. Qc3+ Ka4 59. Qb2 Qa3 60. Qc2+ Qb3 61. Qc6+ Qb5+ 62. Qxb5+ Kxb5 63. h4 a1=Q 64. h5 Qh8 0-1

[Event "Late-Titled-Tuesday-Blitz-February-27-2024"]
[Site "Chess.com"]
[Date "2024.02.27"]
[Round "5"]
[White "SilverSwords13"]
[Black "KATPAH"]
[Result "0-1"]
[WhiteElo "2471"]
[BlackElo "2658"]
[TimeControl "180+1"]
[EndTime "14:57:30 PST"]
[Termination "KATPAH won by checkmate"]

1. e4 e5 2. Nf3 d6 3. d4 Bg4 4. dxe5 Nd7 5. exd6 Bxd6 6. Be2 Ngf6 7. O-O Qe7 8. Nc3 O-O-O 9. h3 Bh5 10. Be3 a6 11.
Re1 Nxe4 12. Nxe4 Qxe4 13. Ng5 Bxe2 14. Nxe4 Bxd1 15. Nxd6+ cxd6 16. Raxd1 Nf6 17. Bg5 Rd7 18. Bxf6 gxf6 19. Rd5 Rg8 20. Re3 Rg5 21. Rd4 Rc5 22.
c3 Kc7 23. Rf4 Ra5 24. a3 f5 25. Ref3 Rb5 26. b4 Kc6 27. Rxf5 Rxf5 28. Rxf5 d5 29. Kf1 Kb5 30. Ke2 Kc4 31. Kd2 Kb3 32. Kd3 Rc7 33. Kd4 Rxc3 34. Rxf7 Rc2 35. g4 b5 36. f4 Kxa3 37. Rxh7 Kxb4 38. g5 a5 39. g6 a4 40. f5 Rg2 41. Kxd5 a3 42. Ra7 a2 43.
Ke6 Kc4 44. Kf7 b4 45. g7 b3 46. Ra4+ Kc5 47. g8=Q Rxg8 48. Kxg8 b2 49. Rxa2 b1=Q 50. Ra5+ Kd6 51. f6 Qg6+ 52. Kh8 Qxf6+ 53. Kh7 Qh4+ 54.
Kg6 Qxh3 55. Rg5 Ke6 56. Kg7 Qc3+ 57. Kg6 Qf6+ 58. Kh5 Qf3+ 59. Kh4 Kf6 60. Rg4 Qh1+ 61. Kg3 Kf5 62. Rf4+ Kg5 63. Rg4+ Kf5 64. Rf4+ Ke5 65. Rg4 Qg1+ 66. Kf3 Qh2 67. Rg5+ Kd4 68. Rg4+ Kd3 69. Rf4 Qe2+ 70. Kg3 Ke3 71. Rg4 Qf3+ 72. Kh4 Qf6+ 73. Kg3 Qd6+ 74. Kh3 Kf3 75. Rg5 Qh6+ 76. Rh5 Qxh5# 0-1

[Event "Late-Titled-Tuesday-Blitz-February-27-2024"]
[Site "Chess.com"]
[Date "2024.02.27"]
[Round "5"]
[White "kasparicy"]
[Black "BardArtem"]
[Result "0-1"]
[WhiteElo "2498"]
[BlackElo "2729"]
[TimeControl "180+1"]
[EndTime "14:57:31 PST"]
[Termination "BardArtem won by resignation"]

1. d4 d5 2. Bf4 Nf6 3. e3 c5 4. Nc3 cxd4 5. exd4 a6 6. Nf3 Bg4 7. h3 Bxf3 8. Qxf3 Nc6 9. O-O-O e6 10. g4 Bd6 11. Bg5 Rc8 12. Kb1 Bb4 13. Ne2 Be7 14. Ng3 h6 15. Bc1 Na5 16. Bd3 Nc4 17. h4 Nd7 18. g5 Qb6 19. Nh5 Bf8 20. Ka1 Qxd4 21. Bg6 Nde5 22. Bxf7+ Kd8 23. Qb3 Qg4 24. Qxb7 Nxf7 25.
Qxf7 Nd6 26. Qg6 Qe4 27. Qxe4 Nxe4 28. gxh6 gxh6 29. Be3 Rxc2 30. Nf4 Kd7 31. Rhg1 Rh7 32. Nd3 Bg7 33. Kb1 Rc8 34. f3 Nd6 35. f4 Nc4 36.
Bc1 Bf6 37. b3 Nd6 38. Rg6 Ne4 39. Bb2 Bxb2 40. Kxb2 Kd6 41. f5 Re7 42. fxe6 Rxe6 43. Rxe6+ Kxe6 44. Nf4+ Ke5 45. Nd3+ Kd6 46. Nb4 Nf6 47.
Nxa6 Rg8 48. Nb4 Rg4 49. a3 Rxh4 50. Nc2 Rh2 51. a4 h5 52. Kc3 h4 53. a5 Ne4+ 54. Kb2 Nc5 55. b4 Na6 56. Kb3 Rh3+ 57. Ka4 Rc3 58. Nd4 Rc4 59. Nf5+ Ke5 60. Rxd5+ Kxd5 61. Ne3+ Kd4 62. Nxc4 Kxc4 63. b5 Nc5+ 64. Ka3 Kxb5 65.
a6 Kxa6 0-1

[Event "Late-Titled-Tuesday-Blitz-February-27-2024"]
[Site "Chess.com"]
[Date "2024.02.27"]
[Round "5"]
[White "ChessFanNM"]
[Black "SergioMoralesG"]
[Result "0-1"]
[WhiteElo "2331"]
[BlackElo "2514"]
[TimeControl "180+1"]
[EndTime "14:57:37 PST"]
[Termination "SergioMoralesG won by checkmate"]

1. e4 c5 2. Nf3 e6 3. c3 Nf6 4. e5 Nd5 5. d4 cxd4 6. Bc4 d6 7. cxd4 Nc6 8. O-O Be7 9. Nbd2 dxe5 10. dxe5 Nb6 11.
Bb3 Nd4 12. Nxd4 Qxd4 13. Qe2 O-O 14. Nf3 Qg4 15. h3 Qh5 16. Rd1 Bd7 17. Bf4 Bc6 18. Rac1 Rfd8 19. Nd4 Qxe2 20. Nxe2 Nd5 21. Bd2 Be8 22.
a3 Rac8 23. Nc3 Nb6 24. Be3 Bc6 25. a4 Nd7 26. Bxa7 Nxe5 27. Bb6 Rxd1+ 28. Rxd1 h6 29.
Rd2 Bb4 30. Re2 Nd3 31. Re3 Nxb2 32. Nb5 Bxb5 33. axb5 Bd6 34. g3 Nc4 35. Bxc4 Rxc4 36.
Rd3 Bc5 37. Rd8+ Kh7 38. Rc8 Bxf2+ 39. Kxf2 Rxc8 40. Bd4 Rc4 41. Be3 Rb4 42. b6 Kg6 43.
g4 Kf6 44. Kf3 Ke5 45. Bf2 Rb3+ 46. Kg2 Ke4 47. Bg3 Rxb6 48. Bf2 Rb2 49. h4 f5 50. g5 hxg5 51. hxg5 f4 52. g6 Kf5 53. Kf3 Rb3+ 54. Kg2 Kg4 55. Bd4 Rd3 56. Bxg7 Rd2+ 57. Kf1 Kf5 58.
Bh6 Kxg6 59. Bxf4 Rc2 60. Be5 Kf5 61. Bd4 e5 62. Be3 e4 63. Ke1 Kg4 64. Bf2 Ra2 65.
Bd4 Kf3 66. Kf1 e3 67. Bc3 Rh2 68. Be5 Rh1# 0-1

[Event "Late-Titled-Tuesday-Blitz-February-27-2024"]
[Site "Chess.com"]
[Date "2024.02.27"]
[Round "5"]
[White "jcibarra"]
[Black "IMRosen"]
[Result "1-0"]
[WhiteElo "2931"]
[BlackElo "2698"]
[TimeControl "180+1"]
[EndTime "14:57:40 PST"]
[Termination "jcibarra won on time"]

1. e4 c5 2. Nf3 Nc6 3. Nc3 g6 4. d4 cxd4 5. Nxd4 Bg7 6. Be3 Nf6 7. Bc4 O-O 8. Bb3 Re8 9. f3 e6 10. f4 Nd5 11. exd5 exd5 12. O-O Rxe3 13. Ndb5 d4 14. Nd5 Rxb3 15. axb3 d6 16. c3 a6 17. Re1 Bf5 18. Nxd4 Nxd4 19. cxd4 Be6 20. Ne3 Qb6 21. d5 Bd7 22. Kh1 Re8 23. Qd3 Qb4 24. Qc4 Qd2 25. Re2 Qd4 26. Qxd4 Bxd4 27. Rae1 Bb5 28. Nc4 Rd8 29.
Re7 b6 30. Rb7 Kg7 31. Ree7 Be8 32. Nxd6 Rxd6 33. Rxe8 Rxd5 34. Ree7 Rf5 35. g3 Bc5 36. Red7 h5 37. Kg2 a5 38. Kf3 Rf6 39. Rd5 Re6 40.
Rdd7 Rf6 41. Ke4 Re6+ 42. Kd5 Rf6 43. Rbc7 Rf5+ 44. Kc4 Bg1 45. Rd2 Rf6 46. Rg2 Be3 47.
Kb5 Rf5+ 48. Ka6 Rf6 49. Re2 Bd4 50. Rec2 Bg1 51. Rg2 Bd4 52. Rc4 Be3 53. Kb5 Rf5+ 54. Ka6 Rf6 55. Re4 Bc5 56. Rc2 Bg1 57. Re1 Bd4 58. Rd1 Be3 59. Rd3 Bg1 60. Kb7 Rf5 61. Re2 Rf6 62. Rd1 Bc5 63. Kc7 Rf5 64. Kd7 Rf6 65.
Rd5 Bg1 66. h3 h4 67. Rg2 Be3 68. gxh4 Rxf4 69. h5 Rf6 70. hxg6 fxg6 71. Rd6 Rf7+ 72. Kc6 g5 73. Rd7 1-0

[Event "Late-Titled-Tuesday-Blitz-February-27-2024"]
[Site "Chess.com"]
[Date "2024.02.27"]
[Round "5"]
[White "DuleMudule"]
[Black "DefiantChair"]
[Result "1-0"]
[WhiteElo "2864"]
[BlackElo "2654"]
[TimeControl "180+1"]
[EndTime "14:57:42 PST"]
[Termination "DuleMudule won by resignation"]

1. d4 Nf6 2. Bg5 e6 3. e3 h6 4.
Bh4 c5 5. c3 Qb6 6. Nd2 d5 7.
Ngf3 Nbd7 8. Rb1 Be7 9. Bd3 Qc7 10. O-O b6 11. b4 O-O 12. Qe2 Bb7 13. bxc5 bxc5 14.
Bg3 Qc8 15. c4 cxd4 16. exd4 dxc4 17. Nxc4 Bd5 18. Rfc1 Qd8 19. Ne3 Bxf3 20. Qxf3 Nb6 21. Be5 Bd6 22. Rd1 Qe7 23. h4 Nfd5 24. Nxd5 Nxd5 25.
Be4 Bxe5 26. dxe5 Qxh4 27. Bxd5 exd5 28. Rxd5 Rae8 29. g3 Qc4 30. a3 Re7 31. Kg2 Rfe8 32. Rbb5 Qc7 33. Rbc5 Qb6 34. Qc3 Qb7 35. Qb4 Qa8 36.
Kh2 f6 37. exf6 Rf7 38. Rf5 Ref8 39. fxg7 Kxg7 40. Qg4+ Kh7 41. Qf4 Rxf5 42. Rxf5 Rxf5 43. Qxf5+ Kg7 44. Qe5+ Kh7 45. Qe7+ Kg6 46. Qd6+ Kg7 47. Qd4+ Kh7 48. Qd3+ Kg7 49. g4 Qb8+ 50. Kh3 Qb6 51. Kg3 Qc7+ 52. f4 Qc1 53. Qd7+ Kh8 54. Qe8+ Kh7 55.
Qe4+ Kh8 56. a4 Qg1+ 57. Kf3 Qf1+ 58. Ke3 Qe1+ 59. Kd4 Qd1+ 60. Ke5 Qxg4 61. Qa8+ Qg8 62. Qxa7 Qe8+ 63. Kf5 Qh5+ 64. Ke4 Qe2+ 65. Kd5 Qd2+ 66. Qd4+ Qxd4+ 67. Kxd4 Kg7 68. a5 Kf6 69. a6 1-0

[Event "Late-Titled-Tuesday-Blitz-February-27-2024"]
[Site "Chess.com"]
[Date "2024.02.27"]
[Round "5"]
[White "sergiochess83"]
[Black "ATM622"]
[Result "1-0"]
[WhiteElo "2895"]
[BlackElo "2522"]
[TimeControl "180+1"]
[EndTime "14:57:44 PST"]
[Termination "sergiochess83 won by resignation"]

1. e4 c6 2. d4 d5 3. e5 Bf5 4. Nd2 e6 5. Nb3 Nd7 6. Nf3 Ne7 7.
Be2 Ng6 8. O-O Be7 9. Ne1 Ngf8 10. g4 Bg6 11. f4 h5 12. gxh5 Bf5 13. Bd3 Bh3 14. Rf3 Bg4 15. f5 Bxf3 16. Qxf3 exf5 17. Bxf5 Bg5 18. Ng2 Bxc1 19. Rxc1 Qg5 20. Bg4 Ne6 21. Rf1 O-O 22. c3 Rae8 23. Qh3 b6 24. Nc1 a5 25. Ne2 a4 26. a3 c5 27. Kh1 cxd4 28. cxd4 Qd2 29.
Nef4 Nxf4 30. Nxf4 Qxd4 31. Bxd7 Rxe5 32. Qg2 Qe4 33.
Qxe4 dxe4 34. Bxa4 e3 35. Bd1 Rd8 36. Be2 Rd2 37. Kg2 Rxb2 38. Kf3 Kf8 39. Rc1 Ra2 40.
Rc8+ Re8 41. Rc7 Re7 42. Rc3 Rd7 43. h4 Ra7 44. Nd5 Ra8 45. Nxb6 R8xa3 46. Rc8+ Ke7 47.
Rc7+ Kd6 48. Rxf7 Kc5 49. Nd7+ Kd6 50. Rxg7 Rd2 51. Nf6 Raa2 52. Ne4+ Ke5 53. Nxd2 exd2 54. Rd7 Ke6 55. Rd3 Kf6 56. Ke3 Ra4 57. Rd6+ Ke5 58. Rxd2 Rxh4 59. Bf3 Kf6 60. Rd6+ Kg7 61. Rd5 Kh8 62.
Kf2 Ra4 63. Kg3 Rb4 64. Rd7 Ra4 65. Bg4 Rb4 66. Kh4 Rb5 67. Re7 Ra5 68. Kg3 Rb5 69. Kf4 Ra5 70. Bf5 Ra6 71. Kg5 Kg8 72. Rc7 Rb6 73. Rc8+ Kg7 74. h6+ Kf7 75. h7 1-0

[Event "Late-Titled-Tuesday-Blitz-February-27-2024"]
[Site "Chess.com"]
[Date "2024.02.27"]
[Round "5"]
[White "korkmaz16"]
[Black "Fh2411"]
[Result "0-1"]
[WhiteElo "2470"]
[BlackElo "2614"]
[TimeControl "180+1"]
[EndTime "14:57:44 PST"]
[Termination "Fh2411 won by resignation"]

1. e4 c6 2. d4 d5 3. Nc3 dxe4 4. Nxe4 Nf6 5. Nxf6+ exf6 6. Bc4 Bd6 7. Qe2+ Be7 8. Qh5 O-O 9. Nf3 g6 10. Qh4 Nd7 11.
Bh6 Bb4+ 12. c3 Re8+ 13. Be3 Bf8 14. O-O-O Nb6 15. Bb3 Be6 16. Bh6 Bg7 17. Bxg7 Kxg7 18. Rhe1 Bxb3 19. axb3 Qd5 20. Kc2 a5 21. Nd2 a4 22.
bxa4 Qf5+ 23. Kb3 Qa5 24. d5 Qxd5+ 25. Kc2 Qf5+ 26. Kb3 Rxe1 27. Rxe1 Rxa4 28. Ne4 Ra5 29. f3 Rb5+ 30. Kc2 Nc4 31. b3 Ne5 32. Re3 Ra5 33. Kb2 c5 34. c4 b5 35. Nd6 Qe6 36. Nxb5 Qa6 37. Kc3 Ra2 38. Rxe5 Qa5+ 39. Kd3 Qd2+ 40. Ke4 fxe5 41. Kxe5 Qd7 42. Qf6+ Kg8 43. Qd6 Re2+ 44.
Kf4 Qf5+ 45. Kg3 Qg5+ 46. Kh3 Qxg2+ 47. Kh4 Qxh2+ 48. Qxh2 Rxh2+ 49. Kg3 Rb2 50. Nc7 Rxb3 51. Nd5 Rb2 52. Nf6+ Kh8 53. Ne4 Rc2 54. Nxc5 Rxc4 55. Nd7 Ra4 56. Ne5 Kg7 57. Nc6 h5 58. Ne5 h4+ 59.
Kh3 g5 60. Ng4 f5 61. Ne3 Kg6 62. Nd5 Ra3 63. Ne7+ Kf6 64. Nd5+ Ke5 65. Nb6 Rxf3+ 66. Kg2 g4 67. Nc4+ Kf4 68. Nd2 h3+ 69. Kh2 Ra3 70. Nf1 Ra2+ 71. Kh1 g3 72. Nxg3 Kxg3 0-1

[Event "Late-Titled-Tuesday-Blitz-February-27-2024"]
[Site "Chess.com"]
[Date "2024.02.27"]
[Round "5"]
[White "Elsa167"]
[Black "Rutricks"]
[Result "1/2-1/2"]
[WhiteElo "2897"]
[BlackElo "2692"]
[TimeControl "180+1"]
[EndTime "14:57:46 PST"]
[Termination "Game drawn by stalemate"]

1. e4 g6 2. d4 Bg7 3. Nc3 c6 4. Nf3 d5 5. h3 dxe4 6. Nxe4 Nf6 7.
Nxf6+ exf6 8. Bc4 O-O 9. O-O a5 10. a4 Na6 11. Re1 Nb4 12. Bd2 Bf5 13. Bb3 Qd6 14. Bxb4 Qxb4 15. Qd2 Qd6 16. Re2 Rfd8 17. Rae1 Bf8 18. c3 Bd7 19. Qd1 Re8 20. Nd2 Rxe2 21. Rxe2 Kg7 22. Ne4 Qc7 23. Re3 Re8 24. Qf3 Bf5 25.
Ng3 Bd7 26. Rxe8 Bxe8 27. Ne4 Be7 28. Nc5 Bxc5 29. dxc5 Qe5 30. Qe3 Bd7 31. Qd4 Bf5 32. g4 Be4 33. Bc4 Qf4 34. Qe3 Qe5 35. f4 Qe7 36.
Bd3 f5 37. gxf5 gxf5 38. Kf2 Qh4+ 39. Kg1 Bxd3 40. Qxd3 Qxf4 41. Qd7 Qg3+ 42. Kh1 Qxh3+ 43. Kg1 Qe3+ 44. Kh1 Qxc5 45. Qxb7 Qd5+ 46. Kg1 Qd1+ 47. Kf2 Qxa4 48. Qe7 Qc2+ 49. Kg1 Qc1+ 50. Kh2 Qxb2+ 51. Kh1 Qc1+ 52. Kh2 Qh6+ 53. Kg1 Qf6 54. Qa7 Qxc3 55. Qf2 Qc1+ 56. Kg2 Qg5+ 57. Kf1 f4 58. Qb2+ Kg6 59.
Qc2+ Kg7 60. Qc3+ Qf6 61. Qf3 a4 62. Kg1 h6 63. Kh1 Qg5 64. Qc3+ f6 65. Qxc6 Kg6 66.
Qxa4 Qh4+ 67. Kg1 Qg3+ 68. Kh1 f3 69. Qe8+ Kf5 70. Qe4+ Kg5 71. Qg6+ Kf4 72. Qxf6+ Ke3 73. Qd4+ Kxd4 1/2-1/2

[Event "Late-Titled-Tuesday-Blitz-February-27-2024"]
[Site "Chess.com"]
[Date "2024.02.27"]
[Round "5"]
[White "EsmeraldasAnderson03"]
[Black "Yurovskykh_Oleksandr"]
[Result "0-1"]
[WhiteElo "2517"]
[BlackElo "2677"]
[TimeControl "180+1"]
[EndTime "14:57:47 PST"]
[Termination "Yurovskykh_Oleksandr won by resignation"]

1. d4 d5 2. c4 dxc4 3. e4 Nf6 4. e5 Nd5 5. Bxc4 Nb6 6. Bb3 Bf5 7. Nf3 e6 8. O-O Nc6 9. Nc3 Nb4 10. Bg5 Qd7 11.
a4 a5 12. Qd2 h6 13. Bh4 N6d5 14. Bg3 Be7 15. Rac1 c6 16. Nxd5 cxd5 17. Bd1 O-O 18. b3 Bd3 19. Be2 Bxe2 20. Qxe2 Rfc8 21. Qd2 b5 22.
axb5 Qxb5 23. Rxc8+ Rxc8 24. Rc1 Rxc1+ 25. Qxc1 Nd3 26.
Qc8+ Bf8 27. Qc2 Nb4 28. Qd2 Qd3 29. Qxd3 Nxd3 30. Kf1 Nc1 31. Nd2 Bb4 32. Bf4 Bxd2 33. Bxd2 Nxb3 34. Bc3 a4 35. Bb2 a3 36. Bxa3 Nxd4 37.
Bb2 Nc6 38. Ke2 Kh7 39. f4 h5 40. h3 Na5 41. Bc3 Nc4 42. Kf3 Na3 43. g4 hxg4+ 44. hxg4 g6 45. Bb2 Nb5 46. Ke3 Kg8 47. g5 Kf8 48.
Kd3 Ke8 49. Bc1 Kd7 50. Be3 Kc6 51. Bf2 Na3 52. Bd4 Kb5 53. Ba7 Nc4 54. Bd4 Na5 55. Bc3 Nc6 56. Bd2 Kc5 57. Be3+ Kb4 58. Bd2+ Kb3 59. Bc3 Nb4+ 60. Kd4 Nc2+ 61. Kd3 Na3 62. Be1 Nb5 63. Bf2 Kb2 64. Be3 Kb1 65. Bd2 Na3 66. Kd4 Kc2 67. Bb4 Nc4 68. Kc5 Ne3 69. Kd6 Ng2 70.
Ke7 Nxf4 71. Kxf7 d4 72. Bc5 d3 73. Be3 d2 74. Bxf4 d1=Q 75. Kxg6 Qg4 76. Be3 Qe4+ 77. Kf6 Qxe3 78. Kxe6 Qxg5 79. Kf7 Qxe5 0-1

[Event "Late-Titled-Tuesday-Blitz-February-27-2024"]
[Site "Chess.com"]
[Date "2024.02.27"]
[Round "5"]
[White "Cambek64"]
[Black "Unkreativ3"]
[Result "0-1"]
[WhiteElo "2481"]
[BlackElo "2620"]
[TimeControl "180+1"]
[EndTime "14:57:53 PST"]
[Termination "Unkreativ3 won on time"]

1. e4 c6 2. d4 d5 3. Nc3 dxe4 4. Nxe4 Bf5 5. Ng3 Bg6 6. Nf3 Nd7 7. h4 h6 8. h5 Bh7 9. Bd3 Bxd3 10. Qxd3 e6 11. Bd2 Ngf6 12. O-O-O Qc7 13. Ne4 Nxe4 14. Qxe4 Nf6 15. Qe2 Bd6 16. Kb1 O-O-O 17. c4 Kb8 18. Bc3 Rhe8 19. Ne5 Bxe5 20. dxe5 Nd7 21. f4 Nb6 22. b3 Nc8 23. Rxd8 Rxd8 24. Rd1 Ne7 25. Rxd8+ Qxd8 26. Kc2 Nf5 27. Qf2 g6 28. g4 Ng7 29.
hxg6 fxg6 30. Bb4 b6 31. Bd6+ Kb7 32. b4 h5 33. Qg3 hxg4 34. Qxg4 Qe8 35. Kc3 Nf5 36.
c5 Ne3 37. Qg3 Nd5+ 38. Kb3 Qf7 39. a3 Nxf4 40. Qh4 Nd5 41. Qd8 Qf3+ 42. Kb2 Qc3+ 43. Ka2 Qc2+ 44. Ka1 Qc1+ 45. Ka2 Qd2+ 46. Kb3 Qd3+ 47.
Kb2 Ka6 48. Qc8+ Kb5 49. a4+ Kc4 50. Qa6+ Kd4 51. Qxd3+ Kxd3 52. cxb6 Nxb6 53. Kb3 a6 54. Bc5 Nc4 55. Bd6 Nd2+ 56. Ka3 g5 57. b5 cxb5 58. axb5 axb5 59. Kb4 g4 60. Kxb5 Ne4 61. Bc7 Kd4 62. Kc6 g3 0-1

[Event "Late-Titled-Tuesday-Blitz-February-27-2024"]
[Site "Chess.com"]
[Date "2024.02.27"]
[Round "5"]
[White "MiguelEduardoGB"]
[Black "Nick12772"]
[Result "1/2-1/2"]
[WhiteElo "2158"]
[BlackElo "2383"]
[TimeControl "180+1"]
[EndTime "14:57:58 PST"]
[Termination "Game drawn by repetition"]

1. Nf3 Nf6 2. b3 g6 3. Bb2 Bg7 4. g3 O-O 5. Bg2 c5 6. O-O Nc6 7. c4 d6 8. d3 Rb8 9. Nc3 a6 10.
Nd2 Bd7 11. e3 b5 12. Qe2 Qc8 13. Rac1 Bh3 14. f4 Bxg2 15. Qxg2 b4 16. Nd1 a5 17. h3 a4 18. Nf2 Ra8 19. Bxf6 Bxf6 20. Nfe4 Bg7 21.
Nf3 axb3 22. axb3 Ra3 23. Rb1 Na5 24. Ned2 Ra2 25. g4 Qb7 26. Rf2 Bc3 27. Ne4 Rxf2 28.
Qxf2 Bg7 29. Qh4 Nc6 30. f5 Ne5 31. Nxe5 dxe5 32. f6 exf6 33. Nxf6+ Bxf6 34. Qxf6 Qd7 35. Rd1 e4 36. d4 Qc7 37. Kg2 Qa5 38. Rd2 cxd4 39.
Qxd4 Qa3 40. Qb2 Qa7 41. Qd4 Qe7 42. c5 Rc8 43. Qxb4 h5 44. Qd4 hxg4 45. hxg4 Qxc5 46. Qxc5 Rxc5 47. Rd4 Rc3 48. Rxe4 Rxb3 49. Kg3 Kg7 50. Kf3 Rb1 51. Ke2 Rb2+ 52. Kf3 Rb1 53. Ke2 Rg1 54. Kf2 Rh1 55. Kg2 Ra1 56. Kf3 Ra3 57. Rd4 Kf6 58. Rd6+ Kg7 59. Rd7 Rb3 60. Rc7 Ra3 61. Rd7 Rb3 62. Rc7 Rd3 63. Rb7 Rd2 64.
Rc7 Rd1 65. Ke2 Ra1 66. Kf3 Kf6 67. Rc6+ Ke7 68. Rc7+ Ke6 69. Rc6+ Kd7 70. Rb6 Rh1 71. Rb7+ Ke6 72. Rb6+ Ke7 73. Rb7+ Kf6 74. Kg2 Ra1 75.
Kf3 Kg7 76. Rc7 Rb1 77. Rd7 Rc1 78. Rb7 Rd1 79. Rc7 Rf1+ 80. Kg2 Rf6 81. Kg3 Kf8 82.
Rc8+ Ke7 83. Rc7+ Kd8 84. Rb7 Kc8 85. Ra7 Kd8 86. Rb7 Ke8 87. Ra7 Kf8 88. Rb7 Kg7 89. Rc7 Re6 90. Kf3 Ra6 91. Kg3 Ra1 92. Kf3 1/2-1/2

[Event "Late-Titled-Tuesday-Blitz-February-27-2024"]
[Site "Chess.com"]
[Date "2024.02.27"]
[Round "5"]
[White "Journey_to_GrandMaster_YT"]
[Black "fandebobbyfischer"]
[Result "1-0"]
[WhiteElo "2512"]
[BlackElo "2693"]
[TimeControl "180+1"]
[EndTime "14:58:16 PST"]
[Termination "Journey_to_GrandMaster_YT won by resignation"]

1. d4 Nf6 2. Nf3 e6 3. c4 b6 4. Nc3 Bb7 5. Qc2 Bb4 6. a3 Bxc3+ 7. Qxc3 O-O 8. b4 d6 9. Bb2 Nbd7 10. e3 a5 11. b5 Ne4 12. Qc2 f5 13. Bd3 Ndf6 14.
O-O Qe7 15. Rae1 Qf7 16. Nd2 Nxd2 17. Qxd2 Qg6 18. f3 Rae8 19. c5 Bd5 20. Qc2 Qh5 21. e4 fxe4 22. fxe4 Bb7 23. c6 Bc8 24. e5 Ng4 25. h3 Rxf1+ 26. Bxf1 Qh4 27. Bc3 Nh6 28. Qf2 Qxf2+ 29. Kxf2 d5 30. g4 Nf7 31. Bd2 Rf8 32.
Kg3 h6 33. h4 Nh8 34. Bd3 Nf7 35. a4 Nd8 36. Bc1 Nf7 37. Ba3 Rd8 38. Rf1 Nh8 39. Rf2 Re8 40. g5 hxg5 41. hxg5 g6 42. Rf6 Kg7 43. Kg4 Rd8 44. Rf1 Re8 45. Rh1 Nf7 46. Rf1 Nh8 47. Bb2 Rd8 48. Kh4 Re8 49. Ba3 Nf7 50. Be2 Rh8+ 51. Kg4 Rh2 52. Bd3 Ra2 53.
Be7 Rxa4 54. Rf4 Ra2 55. Rf6 Kg8 56. Bxg6 Kh8 57. Bxf7 Rg2+ 58. Kh5 Kg7 59. Bxe6 Rh2+ 60. Kg4 Bxe6+ 61. Rxe6 a4 62. Bf6+ Kg6 63. Re7 Rh7 64. Re8 a3 65. Ra8 Rh1 66. Rxa3 Rg1+ 67. Kf4 Rf1+ 68. Ke3 Re1+ 69. Kd2 Rf1 70. Ra7 Kf5 71. Rxc7 Ke4 72. e6 Rf2+ 73. Ke1 Rh2 74. e7 Kd3 75. e8=Q Rh1+ 76. Kf2 Rh2+ 77. Kg3 Re2 78. Qxe2+ Kxe2 79. Re7+ Kd3 80. c7 Kc4 81. c8=Q+ 1-0

[Event "Late-Titled-Tuesday-Blitz-February-27-2024"]
[Site "Chess.com"]
[Date "2024.02.27"]
[Round "6"]
[White "mac0504"]
[Black "Pingah9"]
[Result "1-0"]
[WhiteElo "2718"]
[BlackElo "2564"]
[TimeControl "180+1"]
[EndTime "15:00:39 PST"]
[Termination "mac0504 won by resignation"]

1. c4 g6 2. Nc3 Bg7 3. h4 c5 4.
h5 Nc6 5. d3 d6 6. h6 Bf6 7. Nd5 e6 8. Nxf6+ Qxf6 9. Nf3 Nd4 10.
Nxd4 cxd4 11. Qa4+ Bd7 12. Qb4 O-O-O 13. Qxd6 Bc6 14.
Qc5 b6 15. Qxc6+ 1-0

[Event "Late-Titled-Tuesday-Blitz-February-27-2024"]
[Site "Chess.com"]
[Date "2024.02.27"]
[Round "6"]
[White "RantomOpening"]
[Black "GMVignirVatnar"]
[Result "0-1"]
[WhiteElo "2565"]
[BlackElo "2727"]
[TimeControl "180+1"]
[EndTime "15:01:10 PST"]
[Termination "GMVignirVatnar won by resignation"]

1. c4 e6 2. Nf3 d5 3. e3 Nf6 4.
Nc3 dxc4 5. Bxc4 a6 6. a4 c5 7. d4 Nc6 8. dxc5 Qxd1+ 9. Kxd1 Bxc5 10. b3 e5 11. Ba3 Bxa3 12. Rxa3 Bf5 13. Ra2 O-O 14.
Kc1 Nb4 15. Rd2 b5 16. axb5 axb5 17. Bxb5 Ra1+ 0-1